 Dungeon Crawl Stone Soup version 0.24.1-14-gf8d2b509d9 (webtiles) character file.

Game seed: 10528951189985855948, levelgen mode: deterministic

360 yunder69 the Chopper (level 6, -4/56 HPs)
             Began as a Minotaur Berserker on Mar 19, 2022.
             Was a Plaything of Xom.
             Slain by a polar bear (11 damage)
             ... created by the rage of Trog
             ... on level 4 of the Dungeon.
             The game lasted 00:20:00 (3101 turns).

yunder69 the Chopper (Minotaur Berserker)           Turns: 3101, Time: 00:20:07

Health: -4/56      AC: 15    Str: 22    XL:     6   Next: 38%
Magic:  5/5        EV:  7    Int:  4    God:    Xom [..*...]
Gold:   214        SH:  0    Dex: 11    Spells: 5/5 levels left

rFire    . . .     SeeInvis .   a - +0 hand axe
rCold    . . .     Gourm    .   (no shield)
rNeg     . . .     Faith    .   k - +0 plate armour
rPois    .         Spirit   .   (helmet restricted)
rElec    .         Reflect  .   (no cloak)
rCorr    .         Harm     .   z - +0 pair of gloves
MR       .....                  u - +1 pair of boots
Stlth    ..........             (no amulet)
HPRegen  0.18/turn              (no ring)
MPRegen  0.09/turn              (no ring)

@: no status effects
A: retaliatory headbutt, horns 2
a: Renounce Religion


You were on level 4 of the Dungeon.
You worshipped Xom.
You were a toy of Xom.
You were full.

You visited 1 branch of the dungeon, and saw 4 of its levels.

You collected 214 gold pieces.

Inventory:

Hand Weapons
 a - a +0 hand axe (weapon)
 b - a +3 quarterstaff of chaos
 g - a +0 mace
 h - a +0 falchion
 j - a +0 mace
 t - a +0 mace
Missiles
 i - 4 atropa-tipped darts (quivered)
 o - 42 poisoned darts
 w - 22 bolts
Armour
 k - a +0 plate armour (worn)
 u - a +1 pair of boots (worn)
 v - a +0 leather armour
 z - a +0 pair of gloves (worn)
 A - a +0 ring mail
 B - a +0 scale mail
Scrolls
 e - a scroll of fear {unknown}
 l - 2 scrolls of amnesia {unknown}
 m - 7 scrolls of remove curse {unknown}
 n - 2 scrolls of identify {unknown}
 p - 3 scrolls of fog {unknown}
 r - 3 scrolls of teleportation {unknown}
 y - 2 scrolls of enchant weapon {unknown}
Potions
 d - a potion of mutation {unknown}
 f - 3 potions of heal wounds {unknown}
 q - a potion of resistance {unknown}
 s - a potion of magic {unknown}
 x - a potion of lignification {unknown}
Comestibles
 c - 2 rations


   Skills:
 + Level 5.3 Fighting
 + Level 6.4 Axes
 + Level 4.5 Armour
 + Level 2.6 Dodging
 + Level 0.3 Stealth


You had 5 spell levels left.
You didn't know any spells.
Your spell library was empty.

Dungeon Overview and Level Annotations

Branches:
Dungeon (4/15)
 Temple: D:4-7

Altars:
Xom


Innate Abilities, Weirdness & Mutations

You reflexively headbutt those who attack you in melee.
You have a pair of horns on your head.


Message History

The polar bear bites you!
The polar bear claws you but does no damage. x2
The black bear bites you but does no damage.
The black bear claws you but does no damage. x2
The black bear rages.
The polar bear bites you! The polar bear claws you. x2
The black bear bites you.
The black bear claws you but does no damage. x2
The polar bear bites you.
* * * LOW HITPOINT WARNING * * *
The polar bear completely misses you.
The polar bear claws you but does no damage.
The black bear bites you but does no damage.
The black bear claws you but does no damage. x2
The polar bear bites you!
* * * LOW HITPOINT WARNING * * *
The polar bear claws you but does no damage. x2
The polar bear bites you!
You die...
Xom cackles wildly!

. .. .P#. P.#. ...
#.####### #########
#.......###.......#
#.......††........#
##@h....###.......#
#hh....# #.......#
#hh....# #.......#
#......# #.......#
...$#######
#.......# .....
##.###### #.....
#.###### #.....
#.#....# #.....
#.#....#


You could see 3 polar bears and 2 black bears.

Vanquished Creatures
  A phantom (D:3)
  A bullfrog (D:3)
  Crazy Yiuf (D:3)
  An iguana (D:3)
  A worker ant (D:4)
  2 adders (D:3)
  2 oozes
  An adder skeleton (D:4)
  2 worms
  5 dart slugs (D:3)
  2 leopard geckos
  8 orcs
  5 giant cockroaches
  6 goblins
  8 hobgoblins
  A jackal (D:3)
  5 kobolds
  A quokka (D:2)
  6 ball pythons
  9 bats
  4 frilled lizards
  6 rats
78 creatures vanquished.

Notes
Turn   | Place    | Note
-------+----------+-------------------------------------------
     0 | D:1      | yunder69 the Minotaur Berserker began the quest for the
                  | Orb.
     0 | D:1      | Reached XP level 1. HP: 19/19 MP: 0/0
    78 | D:1      | Reached XP level 2. HP: 27/27 MP: 1/1
   198 | D:1      | Reached skill level 4 in Axes
   895 | D:1      | Reached XP level 3. HP: 34/34 MP: 2/2
  1113 | D:2      | Reached ** piety under Trog
  1591 | D:3      | Reached XP level 4. HP: 9/41 MP: 3/3
  1849 | D:3      | Reached skill level 5 in Axes
  1861 | D:3      | Noticed a phantom
  1921 | D:3      | Noticed a bullfrog
  1928 | D:3      | Killed a phantom
  1928 | D:3      | Reached XP level 5. HP: 33/47 MP: 4/4
  1935 | D:3      | Reached skill level 5 in Fighting
  1935 | D:3      | Reached skill level 6 in Axes
  2102 | D:3      | Reached XP level 6. HP: 54/56 MP: 5/5
  2225 | D:3      | Found a shimmering altar of Xom.
  2254 | D:3      | Reached *** piety under Trog
  2288 | D:3      | Fell from the grace of Trog
  2288 | D:3      | Became a worshipper of Xom the Fickle
  2441 | D:3      | Found a runed translucent door.
  2442 | D:3      | Noticed Crazy Yiuf
  2545 | D:3      | XOM: silly message
  2855 | D:3      | Killed Crazy Yiuf
  3098 | D:4      | Noticed a polar bear
  3098 | D:4      | Noticed a polar bear
  3098 | D:4      | Noticed a polar bear
  3101 | D:4      | Slain by a polar bear

Levels and vault maps discovered:
D:1:      minmay_arrival_three_doors, layout_basic, minmay_tromino_v4_c
D:2:      layout_basic, uniq_sigmund, uniq_natasha
D:3:      kennysheep_slugbush, layout_basic, tgw_xom, uniq_crazy_yiuf_cottage
D:4:      layout_basic, guppyfry_early_lair_pool

Skill      XL: |  1  2  3  4  5 |
---------------+----------------+-----
Fighting       | 4 5 |  5.3
Axes           | 4 5 6 |  6.4
Armour         | 3 4 |  4.5
Dodging        | |  2.6
Stealth        | |  0.3

Action                   |  1- 3 |  4- 6 || total
-------------------------+-------+-------++-------
Melee: Hand axe          |   105 |   108 ||   213
       Headbutt          |     8 |    18 ||    26
Invok: Berserk           |       |     1 ||     1
  Use: Potion            |       |     1 ||     1
 Stab: Sleeping          |     1 |       ||     1
  Eat: Ration            |     1 |     3 ||     4
Armor: Animal skin       |    13 |       ||    13
       Plate armour      |    69 |    95 ||   164
Dodge: Dodged            |    59 |    47 ||   106
